 Dungeon Crawl Stone Soup version 0.27.1-4-g1640c2035a (webtiles) character file.

Game seed: 17273381655746273618

12 Eitelfritz the Sneak (level 2, -2/15 HPs)
             Began as a Kobold Enchanter on Nov 1, 2021.
             Slain by a gnoll (3 damage)
             ... on level 1 of the Dungeon.
             The game lasted 00:01:17 (579 turns).

Eitelfritz the Sneak (Kobold Enchanter)              Turns: 579, Time: 00:01:17

Health: -2/15      AC:  2    Str:  5    XL:     2   Next: 45%
Magic:  5/5        EV: 15    Int: 16    God:
Gold:   26         SH:  0    Dex: 15    Spells: 4/5 levels left

rFire    . . .     SeeInvis .   a - +1 dagger
rCold    . . .     Faith    .   (shield restricted)
rNeg     . . .     Spirit   .   b - +0 robe
rPois    .         Reflect  .   (no helmet)
rElec    .         Harm     .   (no cloak)
rCorr    .         Rampage  .   (no gloves)
Will     .....                  (no boots)
Stlth    ++++......             (no amulet)
HPRegen  0.05/turn              (no ring)
MPRegen  0.09/turn              (no ring)

@: no status effects
A: small, no large weapons, nightstalker 3
a: no special abilities


You were on level 1 of the Dungeon.
You visited 1 branch of the dungeon, and saw 1 of its levels.

You collected 26 gold pieces.

Inventory:

Hand Weapons
 a - a +1 dagger (weapon)
Armour
 b - a +0 robe (worn)
Scrolls
 e - a scroll of amnesia {unknown}
 f - a scroll of magic mapping {unknown}
Potions
 c - a potion of lignification {unknown}
 d - a potion of brilliance {unknown}


   Skills:
 + Level 0.2 Fighting
 + Level 2.0 Short Blades
 + Level 2.7 Dodging
 + Level 4.2 Stealth
 + Level 2.2 Spellcasting
 + Level 3.1 Hexes


You had 4 spell levels left.
You knew the following spells:

 Your Spells              Type           Power      Damage    Failure   Level
a - Corona                Hex            12%        N/A       5%          1

Your spell library contained the following spells:

 Spells                   Type           Power      Damage    Failure   Level
 Ensorcelled Hibernation  Hex/Ice        12%        N/A       16%         2
 Confusing Touch          Hex            11%        N/A       17%         3
 Tukima's Dance           Hex            11%        N/A       17%         3
 Dazzling Flash           Conj/Hex       12%        N/A       32%         3


Dungeon Overview and Level Annotations

Branches:
Dungeon (1/15)

Altars:


Innate Abilities, Weirdness & Mutations

You are small and have problems with some larger weapons.
You are completely attuned to the shadows.


Message History

You hit the goblin but do no damage. The goblin barely misses you.
You hit the goblin.
The goblin is moderately wounded.
The goblin barely misses you.
You barely miss the goblin.
The goblin is moderately wounded.
The goblin closely misses you.
You hit the goblin.
The goblin is heavily wounded.
The goblin hits you but does no damage.
You hit the goblin.
You kill the goblin!
The kobold throws a stone.
The stone misses you.
Your Short Blades skill increases to level 2!
You hit the rat.
You kill the rat!
You hit the kobold.
You kill the kobold!
You hit the endoplasm.
The endoplasm is lightly wounded.
The endoplasm closely misses you.
You hit the endoplasm.
The endoplasm is moderately wounded.
The endoplasm hits you.
* * * LOW HITPOINT WARNING * * *
You hit the endoplasm.
The endoplasm is heavily wounded.
You hit the endoplasm.
The endoplasm is severely wounded.
The endoplasm hits you.
* * * LOW HITPOINT WARNING * * *
You hit the endoplasm.
The endoplasm is almost dead.
The endoplasm freezes you.
You are frozen.
* * * LOW HITPOINT WARNING * * *
You hit the endoplasm.
You kill the endoplasm!
You hit the gnoll but do no damage. The gnoll hits you with a +0 club.
You die...

##.## #..# ##.#
###.##### ..#
#......... ...##
#.#.###...
####..###+#.#..##...
##..##................
#..rg@..(....##.#.....
#..##........##.......
##?)##.......+........
##g.#.......###..##+
..#.......# ##.#
##.).....# #.## #
#........# #..#.#
.........#####.#.#
######......†....#


You could see a gnoll and a rat.

Vanquished Creatures
  3 endoplasms (D:1)
  2 goblins (D:1)
  A ball python (D:1)
  A bat (D:1)
  2 frilled lizards (D:1)
  A kobold (D:1)
  3 rats (D:1)
13 creatures vanquished.

Notes
Turn   | Place    | Note
-------+----------+-------------------------------------------
     0 | D:1      | Eitelfritz the Kobold Enchanter began the quest for the
                  | Orb.
     0 | D:1      | Reached XP level 1. HP: 10/10 MP: 3/3
   179 | D:1      | Noticed a golden eye
   337 | D:1      | Noticed a great orb of eyes
   340 | D:1      | Found a faded altar of an unknown god.
   340 | D:1      | Noticed a shining eye
   343 | D:1      | Noticed a floating eye
   424 | D:1      | Reached XP level 2. HP: 15/15 MP: 5/5
   579 | D:1      | Slain by a gnoll

Illustrated notes

Levels and vault maps discovered:
D:1:      dpeg_arrival_windows_large_door, layout_basic,
          hellmonk_ecumenical_altar_watching_god, grunt_decor_junction,
          minmay_close_crescents

Skill      XL: |  1  2 |
---------------+-------+-----
Short Blades   | 2 |  2.0
Fighting       | |  0.2
Dodging        | |  2.7
Stealth        | |  4.2
Spellcasting   | |  2.2
Hexes          | |  3.1

Action                   || total
-------------------------++-------
Melee: Dagger            ||    30
 Stab: Sleeping          ||     8
Armor: Robe              ||     1
Dodge: Dodged            ||    13
